 Dungeon Crawl Stone Soup version 0.18-a0-690-g014cd11 (webtiles) character file.

760283 Proton the Hoplite (level 27, 0/229 (231) HPs)
             Began as a Formicid Fighter on Dec 6, 2015.
             Was a High Priest of Ru.
             Succumbed to Gloorx Vloq's dark miasma
             ... in Pandemonium on Dec 7, 2015.
             The game lasted 04:36:54 (81599 turns).

Proton the Hoplite (Formicid Fighter)              Turns: 81599, Time: 04:36:54

HP:   0/229 (231)   AC: 45    Str: 31    XL:     27
MP:   33/41         EV: 14    Int:  8    God:    Ru [*****.]
Gold: 5949          SH: 32    Dex: 11    Spells: 2 memorised, 48 levels left

rFire  + + +     SeeInvis +     f - +9 executioner's axe (elec)
rCold  + + +     Clarity  .     y - +12 gold dragon armour
rNeg   + + .     SustAt   .     a - +7 large shield "Magaiboy" {rPois rF+++ Int+2 Stlth-}
rPois  +         Gourm    .     (helmet unavailable)
rElec  +         Spirit   .     N - +2 cloak {rC+}
rCorr  +         Dismiss  .     M - +0 pair of gloves of the Iron City of Dis {rElec rF+ rC+}
rMut   .         Stasis   +     p - +2 pair of boots {run}
MR     ++++.                    J - amulet of resist corrosion
Stlth  ..........               V - ring "Nugi Liovu" {+Blink rC+ rN+ MR+ Str-5}
                                X - ring "Kakhle" {rC+ rN+ MR+ Stlth+}

@: mighty, lethally poisoned (0 -> -29), exhausted, weakened, drained, quick,
incredibly resistant to hostile enchantments, extremely unstealthy
A: permanent stasis, dig shafts and tunnels, four strong arms, antennae 3,
clumsy 1, dopey 1, fire resistance 1, screaming 1, no stealth, inability to use
devices, hated by all, no conjurations magic, no earth magic, no transmutations
magic, disrupted magic 1
a: Dig, Shaft Self, Draw Out Power, Power Leap, Apocalypse, Renounce Religion
}: 5/15 runes: barnacled, slimy, silver, abyssal, gossamer


You were in Pandemonium.
You worshipped Ru.
Ru was extremely pleased with you.
You were not hungry.

You visited 10 branches of the dungeon, and saw 57 of its levels.
You visited Pandemonium 1 time, and saw 9 of its levels.
You visited the Abyss 1 time.
You visited 1 ziggurat, and saw 17 of its levels.
You also visited: Trove and Ice Cave.

You collected 10639 gold pieces.
You spent 4690 gold pieces at shops.

Inventory:

Hand Weapons
 f - a +9 executioner's axe of electrocution (weapon)
 w - the +11 battleaxe of Macwuiphi {flame, rC+}
   (You found it on level 7 of a ziggurat)

   It has been specially enchanted to burn those struck by it, causing extra
   injury to most foes and up to half again as much damage against particularly
   susceptible opponents.
   Big, fiery blades are also staple armaments of hydra-hunters.
   It protects you from cold.
Armour
 a - the +7 large shield "Magaiboy" (worn) {rPois rF+++ Int+2 Stlth-}
   (You bought it in a shop on level 4 of the Orcish Mines)

   It affects your intelligence (+2).
   It renders you almost immune to fire.
   It protects you from poison.
   It makes you less stealthy.
 p - a +2 pair of boots of running (worn)
 y - a +12 gold dragon armour (worn)
 M - the +0 pair of gloves of the Iron City of Dis (worn) {rElec rF+ rC+}
   (You found it on level 5 of the Vaults)

   It protects you from fire.
   It protects you from cold.
   It insulates you from electricity.
 N - a +2 cloak of cold resistance (worn)
 P - the +1 pair of gloves of the Lair of Beasts {*Corrode +Blink rF+++ rC+}
   (You acquired it on level 14 of a ziggurat)

   It renders you almost immune to fire.
   It protects you from cold.
   It lets you blink.
   It may corrode your equipment when you take damage.
Jewellery
 x - the ring of the Gloaming {rPois rC+ MR+ Str+4}
   (You found it on level 6 of a ziggurat)

   [ring of protection from cold]

   It affects your strength (+4).
   It protects you from cold.
   It protects you from poison.
   It affects your resistance to hostile enchantments.
 B - an uncursed amulet of guardian spirit
 G - the amulet of Fogus {rC+ Regen+}
   (You took it off a deep elf master archer on level 3 of the Elven Halls)

   [amulet of regeneration]

   It protects you from cold.
   It increases your rate of regeneration.
 J - an amulet of resist corrosion (around neck)
 S - the ring "Zuwajatz" {*Corrode rElec rF+ MP+9 Str+4}
   (You found it on level 17 of a ziggurat)

   [ring of magical power]

   It affects your strength (+4).
   It protects you from fire.
   It insulates you from electricity.
   It affects your magic capacity (+9).
   It may corrode your equipment when you take damage.
 U - a ring of the Octopus King {SustAt AC+1 EV+1 Str+1 Int+1 Dex+1}
   (You found it in a treasure trove)

   [ring of sustain attributes]

   It sustains your strength, intelligence and dexterity.
   It affects your AC (+1).
   It affects your evasion (+1).
   It affects your strength (+1).
   It affects your intelligence (+1).
   It affects your dexterity (+1).
 V - the ring "Nugi Liovu" (right hand) {+Blink rC+ rN+ MR+ Str-5}
   (You found it in a treasure trove)

   [ring of protection from cold]

   It affects your strength (-5).
   It protects you from cold.
   It protects you from negative energy.
   It affects your resistance to hostile enchantments.
   It lets you blink.
 W - an uncursed amulet of clarity
 X - the ring "Kakhle" (left hand) {rC+ rN+ MR+ Stlth+}
   (You found it in a treasure trove)

   [ring of positive energy]

   It protects you from cold.
   It protects you from negative energy.
   It affects your resistance to hostile enchantments.
   It makes you more stealthy.
Scrolls
 h - 20 scrolls of fog
 j - a scroll of torment
 k - 10 scrolls of immolation
 l - 12 scrolls of amnesia
 m - 6 scrolls of magic mapping
 o - 3 scrolls of silence
 r - 6 scrolls of fear
 s - 32 scrolls of remove curse
 u - 6 scrolls of enchant armour
 C - 11 scrolls of noise
 D - 5 scrolls of holy word
 E - 3 scrolls of brand weapon
 H - 4 scrolls of identify
 L - 7 scrolls of vulnerability
 Q - a scroll of acquirement
 R - 2 scrolls of enchant weapon
Potions
 d - 12 potions of might
 e - a potion of cancellation
 g - a potion of cure mutation
 i - 20 potions of curing
 n - 7 potions of ambrosia
 q - 9 potions of flight
 v - 3 potions of resistance
 z - 10 potions of brilliance
 A - 6 potions of agility
 F - 4 potions of invisibility
 I - 3 potions of heal wounds
 K - 7 potions of magic
 O - 2 potions of lignification
Comestibles
 b - 22 fruits
 c - 14 meat rations
 t - a bread ration


   Skills:
 + Level 22.2(20.4) Fighting
 + Level 23.5(21.8) Axes
 + Level 22.6(20.9) Armour
 + Level 19.7(18.0) Dodging
 + Level 24.1(22.3) Shields
 - Level 14.2(12.7) Spellcasting
 - Level 14.3(12.8) Hexes
 - Level 14.0(12.6) Charms
 - Level 11.8(10.4) Necromancy


You had 48 spell levels left.
You knew the following spells:

 Your Spells              Type           Power        Failure   Level  Hunger
a - Regeneration          Chrm/Necr      ###.......   4%          3    ##.....
b - Spectral Weapon       Hex/Chrm       ####....     3%          3    ##.....


Dungeon Overview and Level Annotations

Branches:
Dungeon (15/15)            Temple (0/1) D:4            Lair (8/8) D:9
 Shoals (4/4) Lair:4       Spider (4/4) Lair:3        Slime (6/6) Lair:8
    Orc (4/4) D:12            Elf (3/3) Orc:3        Vaults (5/5) D:14
  Crypt (3/3) Vaults:2       Tomb (0/3) Crypt:3      Depths (5/5) D:15
    Zot (0/5) Depths:5

Altars:
Ashenzari
Cheibriados
Dithmenos
Elyvilon
Fedhas
Gozag
Kikubaaqudgha
Makhleb
Nemelex Xobeh
Qazlal
Ru
Vehumet
Xom
Yredelemnul
Zin
The Shining One
Beogh

Shops:
D:7 [   D:9 =}=[%   D:10 %   D:13 (   Orc:3 :   Orc:4 [*(=   Vaults:5 !!
Depths:1 *   Depths:2 !   Depths:5 ?[![?

Portals:
Hell: Depths:1 Depths:2 Depths:3 Depths:4 Depths:5
Abyss: Depths:2 Depths:4 Depths:5
Pandemonium: Depths:2 Depths:3 Depths:4 Depths:5

Annotations:
D:1 21 exclusions
Pan Gloorx Vloq


Innate Abilities, Weirdness & Mutations

You are under a permanent stasis effect.
You can dig through walls and to a lower floor.
Your four strong arms can wield two-handed weapons with a shield.
You have a pair of large antennae on your head (SInv).
You are dopey. (Int -2)
You cannot be stealthy.
You cannot study or use magical devices.
You are hated by all.
You cannot study or cast Conjurations magic.
You cannot study or cast Earth magic.
You cannot study or cast Transmutations magic.
Your casting is slightly disrupted.
You are clumsy. (Dex -2)
Your flesh is heat resistant.
You occasionally shout uncontrollably at your foes.


Message History

The Executioner completely misses itself.
The Executioner hits itself but does no damage.
The Executioner closely misses itself.
Gloorx Vloq gestures at you. The foul vapour engulfs you!
* * * LOW HITPOINT WARNING * * *
You focus your will and illuminate Gloorx Vloq in retribution!
You block the Executioner's attack. x2
The Executioner hits you but does no damage.
The Executioner hits you!
* * * LOW HITPOINT WARNING * * *
The Executioner barely misses you. You block the Executioner's attack.
You reveal the great annihilating truth to your foes!
The Executioner is paralysed by terrible understanding!
You kill the Executioner!
Gloorx Vloq is paralysed by terrible understanding!
You feel drained.
You are engulfed in dark miasma.
You are more poisoned.
You feel your flesh rotting away!
* * * LOW HITPOINT WARNING * * *
You die...

,,,*,,,,,,*,****+***#.....#..#...
,,,*,,,,,,*,#..,,,*.#.....#..#...
,,,*,,,,,,,,#..,,,,.#........#†..
,,,*,,,,,,,,#..**,..#........#...
,,,+,,,,,,,,#..#,*..#..(.....'...
,,,*,,,,,,,,#...##..#........#...
,,,*,,,,,,,,*.§§.§..#........#...
,,,*,,*,,,,,*,#&§§..#.#....).#...
,,,*,,*,,,,,**##@####.#......#...
,,,*,,*,,,,,,,#§§1....#......#...
,,,*,,*,,,*,,,#...#...#...#..#...
,,,***********##########+#####...
,*,,,,*,,,*,,,*,,,*,,,*,,,*,,..#.
,,,,,,,,,,*,,,,,,,*,,,,,,,*,.....
,,,,*,*,*,*,*{*,*,*,*,*,*,*,#..,.
*,,,,,,,,,*,,,,,,,*,,,,,,,*,...,#
,*,,,,,,,,,,,,,,,,,,,,,,,,,,,,,*,


You could see Gloorx Vloq (paralysed) and an Executioner (paralysed).

Vanquished Creatures
  the Royal Jelly (Slime:6)
  5 ancient liches
  3 pandemonium lords (Pan)
  Mennas (Pan)
  A juggernaut (Depths:2)
  Boris (Depths:4)
  An iron giant (Depths:2)
  Margery (Vaults:4)
  Saint Roka (Depths:2)
  The ghost of Proton the Brilliant, a veteran DDFi of Pakellas (Elf:3)
  The ghost of P0WERM0DE the Sorcerer, an adept DECj of Vehumet (Crypt:1)
  Nikola (Vaults:1)
  6 golden dragons
  2 profane servitors (Zig:15)
  Xtahua (Crypt:2)
  Arachne (Spider:4)
  2 bone dragons
  2 Brimstone Fiends (Pan)
  3 tentacled monstrosities
  Asterion (Depths:1)
  4 deep elf blademasters
  10 titans
  28 acid blobs
  4 deep elf master archers
  A quicksilver dragon (Vaults:4)
  An eldritch tentacle (Depths:2)
  2 Shadow Fiends
  4 tentacled starspawn (Abyss:3)
  Gastronok (Lair:3)
  4 ancient champions
  9 sphinxes
  9 liches
  15 Executioners
  Frances (D:14)
  6 tengu reavers
  13 azure jellies
  15 shadow dragons
  4 draconian monks (Zig:17)
  Roxanne (Shoals:4)
  6 storm dragons
  Ilsuiw (Shoals:3)
  Wiglaf (Spider:2)
  11 frost giants
  4 revenants
  14 fire giants
  16 vault wardens
  5 balrugs (Pan)
  9 deep elf sorcerers
  2 iron dragons
  4 draconian scorchers (Zig:17)
  3 draconian knights (Zig:17)
  Aizul (Shoals:1)
  Louise (Depths:4)
  2 spectral juggernauts (Zig:15)
  4 curse skulls
  2 angels (Abyss:3)
  7 orc warlords
  5 cacodemons
  10 ghost moths
  A draconian zealot (Zig:17)
  4 ghouls
  3 reapers (Pan)
  25 stone giants
  8 emperor scorpions
  19 ironheart preservers
  4 draconian annihilators (Zig:17)
  3 spriggan defenders
  9 war gargoyles
  21 very ugly things
  2 salamander stormcallers
  A chaos champion (Pan)
  2 draconian callers
  12 deep elf demonologists
  A green draconian (Zig:17)
  A corrupter (Pan)
  A yellow draconian (Depths:5)
  A blood saint (Pan)
  5 mottled draconians
  Azrael (Elf:1)
  2 black suns
  A black draconian (Zig:17)
  A purple draconian (Zig:17)
  2 dire elephants
  6 vampire knights
  5 lorocyprocas
  22 small abominations
  A red draconian (Zig:17)
  3 white draconians
  8 deep elf annihilators
  19 ettins
  5 merfolk javelineers
  4 spark wasps
  11 deep elf death magi
  10 fire dragons
  13 ogre magi
  3 eidola
  6 green deaths (Pan)
  A quicksilver dragon zombie (Crypt:1)
  A blizzard demon (Pan)
  37 vault guards
  4 deep elf high priests
  15 death oozes
  8 jiangshi
  17 merfolk impalers
  20 yaktaur captains
  14 entropy weavers
  6 rakshasas
  8 ice dragons
  Harold (Lair:2)
  A spectral sphinx (Zig:15)
  A spectral tengu (Zig:15)
  2 spriggan air magi
  12 hydras
  A ghost crab (shapeshifter) (Depths:4)
  A hell beast (Depths:1)
  2 merfolk avatars
  20 great orbs of eyes
  5 monstrous demonspawn (Pan)
  A ghost crab (Zig:11)
  8 merfolk aquamancers
  2 catoblepae
  12 thrashing horrors
  14 dancing weapons
  2 alligator snapping turtles (Shoals:3)
  3 death knights
  A spectral frost giant (Zig:15)
  8 centaur warriors
  6 satyrs
  2 alligators (Zig:11)
  8 death yaks
  23 deep troll shamans
  17 deep troll earth magi
  6 tengu warriors
  A spectral spriggan (Zig:15)
  11 orc high priests
  A spectral elf (Zig:15)
  A titan zombie (Crypt:2)
  5 spriggan berserkers
  6 vampire magi
  Urug (D:11)
  A storm dragon zombie (Crypt:3)
  30 deep elf knights
  Sonja (Lair:2)
  11 soul eaters
  9 sun demons
  3 hell hogs (Abyss:3)
  6 wretched stars (Abyss:3)
  3 titan skeletons
  A fire crab (Vaults:3)
  2 death drakes (Zig:11)
  2 spatial maelstroms (Abyss:3)
  6 shadow wraiths
  6 shadow demons
  11 sea snakes
  A quicksilver dragon simulacrum (Depths:1)
  15 iron trolls
  16 hell knights
  3 storm dragon skeletons
  6 unseen horrors
  37 skeletal warriors
  An anubis guard (shapeshifter) (Zig:7)
  An anaconda zombie (Crypt:3)
  A death drake (shapeshifter) (D:15)
  3 gelid demonspawn
  51 deep trolls
  3 putrid demonspawn
  9 flayed ghosts
  16 deep elf summoners
  A swamp dragon (Zig:11)
  6 hill giants
  11 necromancers
  A swamp dragon (shapeshifter) (Depths:3)
  An anaconda skeleton (Crypt:1)
  8 giant orange brains
  2 infernal demonspawn (Pan)
  A lindwurm (shapeshifter) (Depths:3)
  7 phantasmal warriors
  4 wizards
  2 torturous demonspawn
  40 wolf spiders
  3 wolf spider zombies
  A fire giant zombie (Depths:3)
  15 ironbrand convokers
  A mana viper (Abyss:3)
  26 orb spiders
  A tengu zombie (Depths:3)
  12 orc sorcerers
  20 orc knights
  A harpy (shapeshifter) (Vaults:4)
  16 deep elf conjurers
  A tengu skeleton (Depths:3)
  15 harpies
  A stone giant zombie (Crypt:3)
  4 water nymphs
  11 cyclopes
  70 ugly things
  29 fauns
  A faun (shapeshifter) (Depths:2)
  A moth of wrath (shapeshifter) (Depths:5)
  10 manticores
  10 hornets
  A shadow dragon skeleton (Crypt:3)
  13 shining eyes
  8 sirens
  A cyclops (shapeshifter) (Vaults:5)
  3 worldbinders (Abyss:3)
  An elephant (shapeshifter) (Vaults:2)
  13 griffons
  7 moths of wrath
  5 oklob plants
  8 sixfirhies
  6 black mambas
  31 large abominations
  11 fire giant skeletons
  2 rust devils
  2 iron dragon skeletons
  2 frost giant skeletons
  14 vault sentinels
  Joseph (D:7)
  A guardian serpent (shapeshifter) (Depths:4)
  7 eyes of devastation
  A titan simulacrum (Depths:2)
  An ice statue (IceCv)
  13 elephants
  3 centaur zombies
  2 molten gargoyles (Lair:5)
  A shock serpent skeleton (Crypt:1)
  A shock serpent zombie (Crypt:3)
  2 torpor snails
  6 centaur skeletons
  5 gargoyles
  3 apocalypse crabs (Abyss:3)
  2 guardian serpents (Depths:2)
  An ice devil (Pan)
  21 smoke demons
  12 orange demons
  A dire elephant skeleton (Pan)
  2 black mambas (shapeshifter)
  5 hellwings
  7 kobold demonologists
  A yaktaur zombie (Vaults:1)
  A storm dragon simulacrum (Crypt:1)
  9 komodo dragons
  4 efreet
  A yaktaur (shapeshifter) (Vaults:3)
  63 yaktaurs
  14 spiny frogs
  A spectral glowing shapeshifter (Zig:15)
  4 hellions (Pan)
  2 human skeletons
  A queen bee (D:9)
  A spriggan skeleton (Depths:1)
  A mottled draconian skeleton (Crypt:2)
  5 ancient zymes (Abyss:3)
  21 demonic crawlers
  A silent spectre (Abyss:3)
  7 tengu conjurers
  A minotaur zombie (Crypt:2)
  18 freezing wraiths
  36 merfolk
  A tormentor (Pan)
  A jumping spider (shapeshifter) (Depths:2)
  38 jumping spiders
  A tengu simulacrum (Vaults:1)
  A guardian mummy (Elf:2)
  A merfolk (shapeshifter) (Elf:1)
  8 red devils
  19 deep elf priests
  3 wind drakes
  A wolf spider simulacrum (IceCv)
  2 giant leeches (Zig:11)
  19 raiju (Abyss:3)
  Grinder (D:6)
  3 polar bears (shapeshifter)
  A boulder beetle (shapeshifter) (Vaults:5)
  84 slime creatures
  9 trolls
  7 boulder beetles
  2 ettin zombies
  2 centaur simulacra
  21 two-headed ogres
  A bog body (Zig:11)
  6 fire dragon skeletons
  19 blink frogs
  A frost giant simulacrum (Vaults:3)
  53 redbacks
  6 vampires
  10 snapping turtles
  26 tarantellas
  2 air elementals (Depths:3)
  2 hogs (shapeshifter)
  A tarantella (shapeshifter) (Depths:4)
  3 ice dragon skeletons
  8 flying skulls (Abyss:3)
  A spriggan (shapeshifter) (Depths:2)
  46 yaks
  25 ynoxinuls
  A wyvern (D:9)
  15 trapdoor spiders
  An ettin skeleton (Abyss:3)
  4 shadows
  48 starcursed masses (Abyss:3)
  A guardian serpent skeleton (Crypt:1)
  A giant leech zombie (Crypt:2)
  23 water elementals
  13 chaos spawn
  10 wraiths
  Eustachio (D:6)
  32 deep elf magi
  A golden eye (shapeshifter) (Vaults:2)
  28 deep elf fighters
  3 fire elementals
  A steam dragon (D:7)
  20 vampire mosquitoes
  6 hungry ghosts
  5 spriggans
  3 basilisks
  5 fire bats
  3 mottled dragons
  12 wargs
  12 hippogriffs
  10 golden eyes
  21 neqoxecs
  A warg (shapeshifter) (Vaults:2)
  A gelid demonspawn zombie (Crypt:1)
  An emperor scorpion simulacrum (Abyss:3)
  Edmund (D:4)
  3 spatial vortices (Abyss:3)
  19 wolves
  A death yak simulacrum (IceCv)
  3 insubstantial wisps (Lair:6)
  4 soldier ants
  15 porcupines
  A spiny frog zombie (Crypt:3)
  A torturous demonspawn skeleton (Crypt:1)
  16 water moccasins
  A swamp drake (Zig:11)
  6 black bears
  2 manticore zombies
  A faun skeleton (Crypt:1)
  3 hell hounds (Elf:1)
  6 sky beasts
  A black bear (shapeshifter) (Vaults:1)
  9 ice beasts
  2 phantoms (D:8)
  3 wasps
  A fire dragon simulacrum (Depths:1)
  65 orc warriors
  A swamp dragon zombie (Crypt:3)
  56 ogres
  19 centaurs
  13 eyes of draining
  2 human zombies
  3 necrophages
  12 boggarts
  A snapping turtle skeleton (Crypt:3)
  An elf zombie (Abyss:3)
  8 big kobolds
  16 crocodiles
  A crocodile (shapeshifter) (Abyss:3)
  An elf simulacrum (Vaults:1)
  16 giant frogs
  A gnoll sergeant (D:12)
  A dryad skeleton (Crypt:1)
  A water moccasin skeleton (D:11)
  A deep troll simulacrum (Vaults:2)
  39 killer bees
  3 scorpions
  10 wights
  10 electric eels
  8 crimson imps
  8 draconian simulacra (IceCv)
  5 lava snakes (Lair:5)
  5 hounds
  39 orc priests
  3 quasits
  3 giant frog zombies
  2 iron imps
  48 jellies
  A giant frog skeleton (D:5)
  Ijyb (D:2)
  A gnoll shaman (D:6)
  11 iguanas
  3 troll simulacra (IceCv)
  Jessica (D:3)
  48 orc wizards
  12 worker ants
  A yak simulacrum (Lair:3)
  2 spriggan simulacra (IceCv)
  24 sheep
  6 wolf simulacra
  2 human simulacra (Vaults:3)
  A deep dwarf zombie (Crypt:2)
  4 polar bear simulacra (Lair:3)
  A worker ant zombie (D:8)
  5 naga simulacra (IceCv)
  16 gnolls
  55 river rats
  An ogre simulacrum (IceCv)
  6 shadow imps
  17 adders
  13 white imps
  3 giant eyeballs
  An ufetubus (Abyss:3)
  6 worms
  An adder zombie (D:5)
  6 giant geckos
  313 orcs
  2 ball pythons
  A bat zombie (D:5)
  4 giant cockroaches
  23 goblins
  5 hobgoblins
  7 jackals
  18 kobolds
  2 quokkas
  8 bats
  7 giant newts
  10 rats
  2 rat zombies (D:5)
  2 river rat simulacra (Lair:3)
  2 bushes (Abyss:3)
  2 crawling corpses (Vaults:4)
  3 fire vortices
  13 fungi
  3 lurking horrors (Abyss:3)
  58 plants
  4 starspawn tentacles (Abyss:3)
  4 tentacles (Shoals:3)
  A tentacle segment (Shoals:3)
3806 creatures vanquished.

Vanquished Creatures (others)
  A lich (Vaults:4)
  A quicksilver dragon (Vaults:4)
  An Executioner (Pan)
  A sphinx (Depths:5)
  2 krakens (Shoals:3)
  A shadow dragon (Depths:5)
  A tengu reaver (D:13)
  A revenant (Zig:8)
  2 azure jellies
  A fire giant (Depths:5)
  A draconian caller (Zig:17)
  A lorocyproca (Pan)
  A spark wasp (Depths:4)
  A deep elf annihilator (Vaults:5)
  A yellow draconian (Zig:17)
  A death ooze (Zig:10)
  A hydra (Zig:11)
  A deep elf high priest (Elf:3)
  2 vault guards (Vaults:4)
  A death knight (Zig:15)
  A death yak (Lair:8)
  2 deep troll shamans (Depths:3)
  A dancing weapon (Elf:2)
  A thrashing horror (Abyss:3)
  A deep elf knight (Elf:1)
  A spriggan (Zig:11)
  A fire crab (Lair:8)
  A wretched star (Abyss:3)
  2 slime creatures
  A large abomination (Abyss:3)
  A sea snake (Shoals:2)
  2 deep trolls
  A harpy (Vaults:2)
  A deep elf summoner (Zig:7)
  A hill giant (D:14)
  2 orb spiders (Zig:13)
  2 deep elf conjurers
  A wolf spider (Vaults:1)
  A fire giant skeleton (Crypt:3)
  2 demonic crawlers
  2 yaktaurs
  A deep elf priest (Vaults:5)
  A freezing wraith (Zig:1)
  An ancient zyme (Abyss:3)
  A merfolk (Shoals:1)
  3 two-headed ogres
  A raiju (Abyss:3)
  A boulder beetle (Spider:2)
  A water elemental (Shoals:4)
  2 tarantellas
  2 yaks
  2 fire bats
  A chaos spawn (Abyss:3)
  A ynoxinul (Pan)
  A deep elf fighter (Vaults:5)
  A wolf (Lair:8)
  5 orc warriors
  An ogre (Zig:14)
  2 wasps
  A centaur (D:13)
  An orc wizard (Orc:4)
  2 jellies
  2 orc priests (Orc:4)
  An iguana (Lair:1)
  5 orcs
  A quokka (D:9)
  A hobgoblin skeleton (Crypt:2)
  15 eldritch tentacle segments (Depths:2)
  22 fungi
  4 lost souls
  40 plants
  A spectral weapon (Crypt:3)
  5 starspawn tentacles (Abyss:3)
  12 starspawn tentacle segments (Abyss:3)
  10 tentacles (Shoals:3)
  243 tentacle segments (Shoals:3)
445 creatures vanquished.

Grand Total: 4251 creatures vanquished

Notes
Turn   | Place    | Note
--------------------------------------------------------------
     0 | D:1      | Proton the Formicid Fighter began the quest for the Orb.
     0 | D:1      | Reached XP level 1. HP: 18/18 MP: 1/1
   181 | D:1      | Reached XP level 2. HP: 24/24 MP: 2/2
   319 | D:1      | Reached skill level 4 in Shields
   486 | D:1      | Reached XP level 3. HP: 29/29 MP: 3/3
   979 | D:2      | Found a sacrificial altar of Ru.
  1005 | D:2      | Became a worshipper of Ru the Awakened
  1187 | D:2      | Reached skill level 1 in Dodging
  1242 | D:2      | Reached XP level 4. HP: 19/36 MP: 4/4
  1544 | D:2      | Reached XP level 5. HP: 31/42 MP: 5/5
  1616 | D:2      | Found a snail-covered altar of Cheibriados.
  1691 | D:2      | Found a white marble altar of Elyvilon.
  1693 | D:2      | Found a sparkling altar of Nemelex Xobeh.
  1694 | D:2      | Found a basalt altar of Yredelemnul.
  1884 | D:2      | Noticed Ijyb
  1894 | D:2      | Killed Ijyb
  2475 | D:3      | Noticed Jessica
  2487 | D:3      | Killed Jessica
  2487 | D:3      | Reached XP level 6. HP: 43/48 MP: 6/6
  2489 | D:3      | Found a glowing silver altar of Zin.
  2669 | D:3      | Gained mutation: You are dopey. (Int -2) [Ru sacrifice]
  3272 | D:4      | Reached XP level 7. HP: 21/55 MP: 7/7
  3685 | D:4      | Found a staircase to the Ecumenical Temple.
  3689 | D:4      | Reached skill level 5 in Axes
  3705 | D:4      | Reached skill level 5 in Shields
  3953 | D:4      | Noticed Edmund
  3963 | D:4      | Killed Edmund
  3963 | D:4      | Reached XP level 8. HP: 45/61 MP: 8/8
  4223 | D:4      | Reached skill level 5 in Fighting
  4370 | D:5      | Entered Level 5 of the Dungeon
  4379 | D:5      | Gained mutation: You are hated by all. [Ru sacrifice]
  4379 | D:5      | Reached * piety under Ru
  4383 | D:5      | Reached skill level 5 in Armour
  4593 | D:5      | Reached skill level 6 in Axes
  4729 | D:5      | Found a radiant altar of Vehumet.
  4927 | D:5      | Found a glowing golden altar of the Shining One.
  4955 | D:5      | Gained mutation: You expend magic power (3 MP) to strengthen your wands. [mutagenic meat]
  5052 | D:5      | Reached XP level 9. HP: 58/68 MP: 9/9
  5100 | D:5      | Found an ancient bone altar of Kikubaaqudgha.
  5228 | D:6      | Noticed Grinder
  5274 | D:6      | Killed Grinder
  5305 | D:6      | Reached skill level 7 in Axes
  5476 | D:6      | Noticed Eustachio
  5503 | D:6      | Killed Eustachio
  6178 | D:7      | Found Lurphajue's Armour Shoppe.
  7111 | D:7      | Noticed Joseph
  7191 | D:7      | Killed Joseph
  7191 | D:7      | Reached skill level 8 in Axes
  7191 | D:7      | Reached XP level 10. HP: 37/77 MP: 10/10
  7457 | D:8      | Gained mutation: You are resistant to hostile enchantments. [mutagenic meat]
  7458 | D:8      | Gained mutation: You can spit weak poison. [mutagenic meat]
  7481 | D:8      | Reached skill level 5 in Dodging
  7547 | D:8      | Found a blossoming altar of Fedhas.
  7770 | D:8      | Found a burning altar of Makhleb.
  7770 | D:8      | Found a shimmering altar of Xom.
  8279 | D:8      | Got a jewelled long sword
  8280 | D:8      | Identified the +0 long sword of Bogivabi {drain, Dex+4} (You found it on level 8 of the Dungeon)
  8284 | D:8      | Identified a scroll of acquirement
  8366 | D:8      | Found a shadowy altar of Dithmenos.
  8609 | D:8      | Reached skill level 9 in Axes
  9032 | D:9      | Found Faongim's Food Emporium.
  9524 | D:9      | Reached XP level 11. HP: 46/84 MP: 11/11
 10017 | D:9      | Found an opulent altar of Gozag.
 10050 | D:9      | Found Ykoif's Jewellery Shop.
 10051 | D:9      | Found Xiqar's Armour Boutique.
 10226 | D:9      | Found a stormy altar of Qazlal.
 10233 | D:9      | Found Dypnuwk's Gadget Shop.
 10258 | D:9      | Gained mutation: You cannot study or use magical devices. [Ru sacrifice]
 10258 | D:9      | Reached ** piety under Ru
 10258 | D:9      | Reached *** piety under Ru
 10258 | D:9      | Reached **** piety under Ru
 10384 | D:9      | Reached skill level 10 in Axes
 10388 | D:9      | Found Gupnexteqi's Jewellery Shop.
 10549 | D:9      | Found a staircase to the Lair.
 10870 | D:10     | Entered Level 10 of the Dungeon
 11132 | D:10     | Found Conudo's Food Shoppe.
 11352 | D:11     | Noticed a manticore
 11364 | D:11     | Killed a manticore
 11514 | D:11     | Noticed an unseen horror
 11536 | D:11     | Killed an unseen horror
 11658 | D:11     | Noticed Urug
 11682 | D:11     | Killed Urug
 12071 | D:11     | Reached XP level 12. HP: 68/93 MP: 10/12
 12083 | D:11     | Reached skill level 10 in Shields
 12268 | D:11     | Gained mutation: Your casting is slightly disrupted. [Ru sacrifice]
 12385 | D:11     | You fall through a shaft!
 12388 | D:12     | You fall through a shaft for 3 floors!
 12388 | D:15     | Entered Level 15 of the Dungeon
 12820 | D:14     | Reached skill level 11 in Axes
 12824 | D:14     | Found Pubbai's Magic Scroll Shoppe.
 12954 | D:14     | Noticed Frances
 12955 | D:14     | Noticed a sun demon
 12982 | D:13     | Noticed a catoblepas
 12982 | D:13     | Noticed a tengu warrior
 13294 | D:12     | You fall through a shaft for 2 floors!
 13294 | D:14     | Noticed a tengu warrior
 13311 | D:14     | Killed a tengu warrior
 13856 | D:14     | Noticed a tengu warrior
 13900 | D:14     | Killed a tengu warrior
 14079 | D:14     | Found a sacrificial altar of Ru.
 14141 | D:13     | You fall through a shaft for 2 floors!
 14409 | D:15     | Found a shattered altar of Ashenzari.
 14772 | D:15     | Found a staircase to the Depths.
 14773 | D:15     | Noticed a fire giant
 15047 | D:14     | Reached skill level 10 in Armour
 15077 | D:15     | Reached XP level 13. HP: 78/101 MP: 10/13
 15081 | D:15     | Gained mutation: Armour fits poorly on your strangely shaped body. [mutagenic meat]
 15082 | D:15     | Gained mutation: Your magical capacity is low (-10% MP). [mutagenic meat]
 15083 | D:15     | Gained mutation: You regenerate slowly when monsters are visible. [mutagenic meat]
 15210 | D:15     | Reached skill level 12 in Axes
 15266 | D:15     | Gained mutation: Your spells are a little easier to cast, but a little less powerful. [mutagenic meat]
 15267 | D:15     | Gained mutation: You are highly resistant to hostile enchantments. [mutagenic meat]
 15268 | D:15     | Gained mutation: You are partially covered in yellow scales (AC +2). [mutagenic meat]
 15269 | D:15     | Lost mutation: Your spells are a little easier to cast, but a little less powerful. [mutagenic meat]
 15791 | D:12     | Found a staircase to the Orcish Mines.
 15921 | D:11     | Reached skill level 10 in Fighting
 18338 | D:14     | Reached skill level 13 in Axes
 18394 | D:14     | Got a heavily runed ring mail
 18405 | D:14     | Identified the +1 ring mail "Pubbuj" {MR+++ Int-2 Dex+10} (You found it on level 14 of the Dungeon)
 18408 | D:14     | Found a gate to the Vaults.
 19139 | D:13     | Found Zienuhel's Weapon Shoppe.
 19165 | D:13     | Reached XP level 14. HP: 110/110 MP: 12/12
 20067 | D:13     | Gained mutation: Your body sometimes deteriorates upon taking damage. [mutagenic meat]
 20068 | D:13     | Lost mutation: You expend magic power (3 MP) to strengthen your wands. [mutagenic meat]
 20250 | D:13     | Noticed a war gargoyle
 20281 | D:13     | Killed a war gargoyle
 20570 | D:13     | Noticed a war gargoyle
 20589 | D:13     | You fall through a shaft for 2 floors!
 21268 | Orc:1    | Entered Level 1 of the Orcish Mines
 21411 | Orc:1    | Found a roughly hewn altar of Beogh.
 22915 | D:7      | Bought a +2 gold dragon armour for 1380 gold pieces
 23441 | D:12     | You fall through a shaft for 3 floors!
 23748 | D:15     | Killed a fire giant
 23910 | D:15     | Reached skill level 14 in Axes
 23958 | D:15     | Lost mutation: Your body sometimes deteriorates upon taking damage. [mutagenic meat]
 23959 | D:15     | Lost mutation: You are highly resistant to hostile enchantments. [mutagenic meat]
 23960 | D:15     | Gained mutation: You are weak. (Str -2) [mutagenic meat]
 24608 | D:15     | Gained mutation: You evolve. [mutagenic meat]
 24609 | D:15     | Lost mutation: Armour fits poorly on your strangely shaped body. [mutagenic meat]
 24610 | D:15     | Lost mutation: Your magical capacity is low (-10% MP). [mutagenic meat]
 24611 | D:15     | Gained mutation: You have a beak for a mouth. [mutagenic meat]
 24612 | D:15     | Gained mutation: Your flesh is cold resistant. [mutagenic meat]
 24614 | D:15     | Lost mutation: You regenerate slowly when monsters are visible. [mutagenic meat]
 24615 | D:15     | Gained mutation: Your skin changes colour to match your surroundings (Stealth). [mutagenic meat]
 24616 | D:15     | Lost mutation: You are weak. (Str -2) [mutagenic meat]
 25058 | D:13     | Noticed a tengu reaver
 25081 | D:13     | Killed a tengu reaver
 25081 | D:13     | Reached XP level 15. HP: 57/119 MP: 15/15
 26410 | Orc:3    | Found Uroiz's Book Shoppe.
 26660 | Orc:3    | Found a staircase to the Elven Halls.
 26754 | Orc:4    | Entered Level 4 of the Orcish Mines
 26836 | Orc:4    | Noticed an orc warlord
 26881 | Orc:4    | Killed an orc warlord
 27632 | Orc:4    | Noticed an orc warlord
 28289 | Orc:3    | Killed an orc warlord
 29074 | Orc:4    | Reached skill level 10 in Dodging
 29527 | Orc:4    | Found Segiet's General Store.
 29528 | Orc:4    | Found Fireom's Jewellery Shoppe.
 29530 | Orc:4    | Found Bireics's Antique Armour Emporium.
 29530 | Orc:4    | Found Muborac's Antique Weapon Emporium.
 29568 | Orc:4    | Bought a translucent large shield for 351 gold pieces
 29583 | Orc:4    | Identified the +7 large shield "Magaiboy" {rPois rF+++ Int+2 Stlth-} (You bought it in a shop on level 4 of the Orcish Mines)
 29834 | Lair:1   | Entered Level 1 of the Lair of Beasts
 29888 | Lair:1   | Gained mutation: You cannot study or cast Earth magic. [Ru sacrifice]
 29888 | Lair:1   | Gained mutation: You cannot study or cast Transmutations magic. [Ru sacrifice]
 29888 | Lair:1   | Gained mutation: You cannot study or cast Conjurations magic. [Ru sacrifice]
 29888 | Lair:1   | Reached ***** piety under Ru
 30502 | Lair:2   | Reached skill level 15 in Axes
 30520 | Lair:2   | Gained mutation: You have large cloven feet. [potion of mutation]
 30520 | Lair:2   | Gained mutation: You occasionally shout uncontrollably at your foes. [potion of mutation]
 30568 | Lair:2   | Noticed Sonja
 30718 | Lair:2   | Killed Sonja
 30910 | Lair:2   | Noticed Harold
 30930 | Lair:2   | Killed Harold
 31278 | Lair:3   | Noticed Gastronok
 31304 | Lair:3   | Killed Gastronok
 31401 | Lair:3   | Found a hole to the Spider Nest.
 31923 | Lair:4   | Reached XP level 16. HP: 127/127 MP: 16/16
 32223 | Lair:4   | Lost mutation: You are resistant to hostile enchantments. [evolution]
 32413 | Lair:4   | Found a staircase to the Shoals.
 32445 | Lair:4   | Found a frozen archway.
 32454 | IceCv    | Entered an ice cave
 32576 | IceCv    | Identified the Volume of Arcane Weapons and the Frostbite
 32591 | IceCv    | Found an ancient bone altar of Kikubaaqudgha.
 34217 | Lair:5   | Gained mutation: You cannot be stealthy. [Ru sacrifice]
 34218 | Lair:5   | Gained mutation: You are resistant to hostile enchantments. [potion of mutation]
 34218 | Lair:5   | Gained mutation: You are very dopey. (Int -4) [potion of mutation]
 34542 | Lair:5   | Gained mutation: Your spells are a little harder to cast, but a little more powerful. [potion of mutation]
 34965 | Lair:7   | Lost mutation: Your spells are a little harder to cast, but a little more powerful. [potion of mutation]
 35486 | Lair:8   | Entered Level 8 of the Lair of Beasts
 35538 | Lair:8   | Reached skill level 16 in Axes
 35633 | Lair:8   | Found a staircase to the Slime Pits.
 35887 | Lair:8   | Lost mutation: You evolve. [end of evolution]
 36279 | Lair:8   | Reached XP level 17. HP: 132/136 MP: 17/17
 36493 | Shoals:1 | Entered Level 1 of the Shoals
 36984 | Shoals:1 | Noticed Aizul
 37013 | Shoals:1 | Killed Aizul
 38047 | Shoals:2 | Reached skill level 15 in Shields
 39097 | Shoals:3 | Reached skill level 17 in Axes
 39252 | Shoals:3 | Reached XP level 18. HP: 143/145 MP: 18/18
 39422 | Shoals:4 | Entered Level 4 of the Shoals
 39457 | Shoals:4 | Noticed Ilsuiw
 39576 | Shoals:4 | Noticed Mara
 39646 | Shoals:3 | Killed Ilsuiw
 41408 | Shoals:4 | Noticed Roxanne
 41561 | Shoals:4 | Killed Roxanne
 41633 | Shoals:4 | Noticed Proton's illusion
 42116 | Shoals:4 | Noticed Proton's illusion
 42451 | Shoals:4 | Got a barnacled rune of Zot
 42916 | Shoals:4 | Noticed Proton's illusion
 43085 | Spider:1 | Entered Level 1 of the Spider Nest
 43170 | Spider:1 | Reached skill level 18 in Axes
 43202 | Spider:1 | Reached XP level 19. HP: 153/153 MP: 19/19
 43630 | Spider:1 | Reached skill level 15 in Armour
 43775 | Spider:2 | Noticed Wiglaf
 43902 | Spider:2 | Killed Wiglaf
 44508 | Spider:3 | Reached skill level 15 in Fighting
 45065 | Spider:3 | Learned a level 3 spell: Regeneration
 45069 | Spider:3 | Learned a level 3 spell: Spectral Weapon
 45349 | Spider:4 | Entered Level 4 of the Spider Nest
 45351 | Spider:4 | Reached skill level 1 in Spellcasting
 45420 | Spider:4 | Reached skill level 1 in Charms
 45490 | Spider:4 | Gained mutation: You have hoof-like feet. [potion of mutation]
 46209 | Spider:4 | Noticed Arachne
 46231 | Spider:4 | Killed Arachne
 46231 | Spider:4 | Reached XP level 20. HP: 140/162 MP: 21/23
 46791 | Spider:4 | Gained mutation: You have an increased reservoir of magic (+10% MP). [mutagenic meat]
 46794 | Spider:4 | Gained mutation: Scrolls take you a little longer to read. [mutagenic meat]
 46795 | Spider:4 | Lost mutation: You can spit weak poison. [mutagenic meat]
 46816 | Spider:4 | Got a gossamer rune of Zot
 47261 | Orc:4    | Bought a scroll of enchant armour for 135 gold pieces
 47286 | Orc:4    | Gained mutation: You are robust (+10% HP). [potion of beneficial mutation]
 47287 | Orc:4    | Gained mutation: You are surrounded by a mild repulsion field (EV +2). [potion of beneficial mutation]
 47438 | Vaults:1 | Entered Level 1 of the Vaults
 47641 | D:14     | Killed Frances
 48431 | Vaults:1 | Reached XP level 21. HP: 187/187 MP: 30/30
 48520 | Vaults:1 | Noticed Nikola
 48541 | Vaults:1 | Killed Nikola
 48924 | Vaults:1 | Reached skill level 19 in Axes
 49169 | Vaults:2 | Found a staircase to the Crypt.
 49223 | Vaults:2 | Reached skill level 5 in Spellcasting
 49329 | Vaults:2 | Reached skill level 5 in Charms
 50818 | Vaults:3 | Reached XP level 22. HP: 181/195 MP: 31/34
 52533 | Elf:1    | Entered Level 1 of the Elven Halls
 52578 | Elf:1    | Noticed Azrael
 52585 | Elf:1    | Killed Azrael
 53282 | Elf:1    | Got a crude scale mail
 53285 | Elf:1    | Identified the +4 scale mail of Exiotwag {Str+4 Int+3} (You found it on level 1 of the Elven Halls)
 53406 | Elf:2    | Reached skill level 1 in Necromancy
 53489 | Elf:2    | Reached XP level 23. HP: 204/204 MP: 38/38
 53497 | Elf:2    | Found a runed gate.
 53497 | Elf:2    | Found a runed gate.
 53497 | Elf:2    | Found a runed gate.
 53583 | Elf:2    | Reached skill level 1 in Hexes
 53618 | Elf:2    | Found a portal to a secret trove of treasure.
 54253 | Elf:3    | Entered Level 3 of the Elven Halls
 54499 | Elf:3    | Noticed Proton's ghost (veteran DDFi)
 54623 | Elf:3    | Killed Proton's ghost
 55474 | Elf:3    | Got a translucent chain mail
 55486 | Elf:3    | Got a flickering sapphire amulet
 55611 | Elf:3    | Identified Sif Muna's Incunabulum of Companions
 55613 | Elf:3    | Identified the Collected Works on the Captivating Entourage
 55619 | Elf:3    | Identified the cursed +0 chain mail of Yfidivas {-Cast rC+ MP+9} (You took it off a deep elf blademaster on level 3 of the Elven Halls)
 55621 | Elf:3    | Identified the amulet of Fogus {rC+ Regen+} (You took it off a deep elf master archer on level 3 of the Elven Halls)
 56017 | Vaults:5 | Entered Level 5 of the Vaults
 56139 | Vaults:4 | Reached skill level 5 in Hexes
 56154 | Vaults:4 | Reached XP level 24. HP: 185/214 MP: 39/39
 56237 | Vaults:4 | Reached skill level 20 in Axes
 56825 | Vaults:4 | Reached skill level 15 in Dodging
 57377 | Vaults:5 | Noticed Margery
 57476 | Vaults:4 | Killed Margery
 57481 | Vaults:4 | Reached skill level 5 in Necromancy
 58093 | Vaults:4 | Upgraded the game from 0.18-a0-670-g393520a to 0.18-a0-690-g014cd11
 58102 | Vaults:4 | Reached skill level 10 in Spellcasting
 58405 | Vaults:5 | Reached XP level 25. HP: 158/222 MP: 40/40
 59179 | Vaults:5 | Got a silver rune of Zot
 59399 | Vaults:5 | Got a pair of ancient gloves
 59414 | Vaults:5 | Identified the +0 pair of gloves of the Iron City of Dis {rElec rF+ rC+} (You found it on level 5 of the Vaults)
 59579 | Vaults:5 | Found Yllijide's Distillery.
 59593 | Vaults:5 | Reached skill level 10 in Charms
 59612 | Vaults:5 | Bought a potion of heal wounds for 75 gold pieces
 59612 | Vaults:5 | Bought 2 potions of might for 120 gold pieces
 59676 | Vaults:5 | Found Huwenulus's Food Shoppe.
 59707 | Vaults:5 | Found Lumper's Distillery.
 60037 | Depths:1 | Entered Level 1 of the Depths
 60364 | Depths:1 | Noticed Asterion
 60370 | Depths:1 | Killed Asterion
 60407 | Depths:1 | Found Gufent's Demolitions Depot.
 60618 | Depths:1 | Found a gateway to Hell.
 61107 | Depths:2 | Found a one-way gate to the infinite horrors of the Abyss.
 61141 | Depths:2 | Noticed a juggernaut
 61149 | Depths:2 | Killed a juggernaut
 61149 | Depths:2 | Reached XP level 26. HP: 215/232 MP: 38/41
 61378 | Depths:2 | Got an ancient marble ring
 61388 | Depths:2 | Identified the ring of Tossalot {Ice rN+ Str-3 Dex+3} (You found it on level 2 of the Depths)
 61403 | Depths:2 | Noticed Saint Roka
 61428 | Depths:2 | Killed Saint Roka
 61505 | Depths:2 | Got a wavering jade ring
 61508 | Depths:2 | Identified the ring of Faar Ynn {-Tele rPois Int-2 Dex+3 Stlth+} (You took it off an orc wizard on level 2 of the Depths)
 61536 | Depths:2 | Found Hoceuf's Distillery.
 61545 | Depths:2 | Bought a potion of poison for 23 gold pieces
 61714 | Depths:2 | Found a one-way gate leading to the halls of Pandemonium.
 61763 | Depths:2 | Got a scorched lead ring
 61877 | Depths:2 | Identified the ring of Reuwk {Fragile rF+++ rC+ Slay+4 SInv} (You found it on level 2 of the Depths)
 62017 | Depths:3 | Reached skill level 10 in Hexes
 63220 | Elf:2    | You paid a toll of a +6 demon trident to enter a treasure trove
 63221 | Trove    | Entered a treasure trove
 63231 | Trove    | Got a crude iron ring
 63241 | Trove    | Got a ring of the Octopus King
 63244 | Trove    | Got a faintly glowing ivory ring
 63246 | Trove    | Got a warped brass ring
 63250 | Trove    | Got a clouded glass ring
 63794 | Depths:1 | Identified the ring of Lesser Demons {rElec rPois rF+ Slay-3} (You found it in a treasure trove)
 63796 | Depths:1 | Identified the ring "Kakhle" {rC+ rN+ MR+ Stlth+} (You found it in a treasure trove)
 63798 | Depths:1 | Identified the ring of Light {rC+ Str+2 Dex+7 SInv Stlth-} (You found it in a treasure trove)
 63800 | Depths:1 | Identified the ring "Nugi Liovu" {+Blink rC+ rN+ MR+ Str-5} (You found it in a treasure trove)
 63802 | Depths:1 | Identified a ring of the Octopus King {SustAt AC+1 EV+1 Str+1 Int+1 Dex+1} (You found it in a treasure trove)
 63911 | Depths:3 | Noticed an ancient lich
 63914 | Depths:3 | Found a gateway to a ziggurat.
 63942 | Depths:3 | Reached XP level 27. HP: 90/236 MP: 42/42
 63943 | Depths:3 | Killed an ancient lich
 64507 | Depths:3 | Reached skill level 21 in Axes
 65963 | Depths:4 | Gained mutation: You sometimes yell uncontrollably at your foes. [a neqoxec]
 65964 | Depths:4 | Gained mutation: Armour fits poorly on your strangely shaped body. [a neqoxec]
 66031 | Depths:4 | Noticed Boris
 66045 | Depths:4 | Killed Boris
 66373 | Depths:4 | Noticed Louise
 66392 | Depths:4 | Killed Louise
 67076 | Depths:5 | Entered Level 5 of the Depths
 67076 | Depths:5 | Found Muleed's Distillery.
 67084 | Depths:5 | Bought a potion of resistance for 210 gold pieces
 67177 | Depths:5 | Found Fiodgh's Armour Boutique.
 67225 | Depths:5 | Bought a +0 pair of boots of running for 504 gold pieces
 67265 | Depths:5 | Found Kumuysch's Magic Scroll Boutique.
 67270 | Depths:5 | Bought a scroll of enchant armour for 180 gold pieces
 67270 | Depths:5 | Bought a scroll of holy word for 180 gold pieces
 67270 | Depths:5 | Bought a scroll of brand weapon for 480 gold pieces
 67445 | Depths:5 | Lost mutation: You are resistant to hostile enchantments. [mutagenic meat]
 67448 | Depths:5 | Lost mutation: You are very dopey. (Int -4) [mutagenic meat]
 67513 | Depths:5 | Found Giconk's Antique Armour Emporium.
 67744 | Depths:5 | Lost mutation: You are surrounded by a mild repulsion field (EV +2). [mutagenic meat]
 67745 | Depths:5 | Lost mutation: Your flesh is cold resistant. [mutagenic meat]
 67859 | Depths:2 | Bought a potion of mutation for 57 gold pieces
 68111 | Vaults:5 | Bought 2 potions of mutation for 75 gold pieces
 68111 | Vaults:5 | Gained mutation: You have a somewhat thin skeletal structure (Dex +2, Stealth). [potion of mutation]
 68111 | Vaults:5 | Gained mutation: You are surrounded by a mild repulsion field (EV +2). [potion of mutation]
 68112 | Vaults:5 | Gained mutation: You evolve. [potion of mutation]
 68112 | Vaults:5 | Gained mutation: Scrolls take you longer to read. [potion of mutation]
 68679 | Depths:5 | Found a gate to the Realm of Zot.
 68703 | Depths:5 | Found Luki's Magic Scroll Shoppe.
 69009 | Depths:5 | Voluntarily entered the Abyss.
 69084 | Abyss:2  | Got a translucent plate armour
 69087 | Abyss:2  | Identified the +6 plate armour of Jaduiv {Int+3} (You found it on level 2 of the Abyss)
 69147 | Abyss:3  | Found a corrupted altar of Lugonu.
 69166 | Abyss:3  | Reached skill level 10 in Necromancy
 69167 | Abyss:3  | Found a corrupted altar of Lugonu.
 69171 | Abyss:3  | Gained mutation: Scrolls take you much longer to read. [a cacodemon]
 69276 | Abyss:3  | Found a snail-covered altar of Cheibriados.
 69276 | Abyss:3  | Found a glowing golden altar of the Shining One.
 69276 | Abyss:3  | Found a glowing silver altar of Zin.
 69276 | Abyss:3  | Found a basalt altar of Yredelemnul.
 69276 | Abyss:3  | Found a shattered altar of Ashenzari.
 69276 | Abyss:3  | Found an ancient bone altar of Kikubaaqudgha.
 69277 | Abyss:3  | Found a bloodstained altar of Trog.
 69277 | Abyss:3  | Found a radiant altar of Vehumet.
 69277 | Abyss:3  | Found a white marble altar of Elyvilon.
 69278 | Abyss:3  | Found a blossoming altar of Fedhas.
 69278 | Abyss:3  | Found a shimmering altar of Xom.
 69278 | Abyss:3  | Found a deep blue altar of Sif Muna.
 69280 | Abyss:3  | Found a sparkling altar of Nemelex Xobeh.
 69280 | Abyss:3  | Found a stormy altar of Qazlal.
 69280 | Abyss:3  | Found a burning altar of Makhleb.
 69283 | Abyss:3  | Found an iron altar of Okawaru.
 69283 | Abyss:3  | Found an opulent altar of Gozag.
 69283 | Abyss:3  | Found a shadowy altar of Dithmenos.
 69448 | Abyss:3  | Gained mutation: Your body sometimes deteriorates upon taking damage. [a shining eye]
 69507 | Abyss:3  | Found a basalt altar of Yredelemnul.
 69510 | Abyss:3  | Found a snail-covered altar of Cheibriados.
 69524 | Abyss:3  | Found a glowing golden altar of the Shining One.
 69524 | Abyss:3  | Found a bloodstained altar of Trog.
 69524 | Abyss:3  | Found a radiant altar of Vehumet.
 69525 | Abyss:3  | Gained mutation: Your body often deteriorates upon taking damage. [a cacodemon]
 69534 | Abyss:3  | Found a shattered altar of Ashenzari.
 69541 | Abyss:3  | Found a glowing silver altar of Zin.
 69541 | Abyss:3  | Found a basalt altar of Yredelemnul.
 69541 | Abyss:3  | Found a white marble altar of Elyvilon.
 69541 | Abyss:3  | Found an ancient bone altar of Kikubaaqudgha.
 69543 | Abyss:3  | Found a shimmering altar of Xom.
 69543 | Abyss:3  | Found a blossoming altar of Fedhas.
 69543 | Abyss:3  | Found a deep blue altar of Sif Muna.
 70461 | Abyss:3  | Found a corrupted altar of Lugonu.
 70532 | Abyss:3  | Got an abyssal rune of Zot
 70680 | Abyss:3  | Found a basalt altar of Yredelemnul.
 70927 | Abyss:3  | Gained mutation: You are weak. (Str -2) [a neqoxec]
 71119 | Depths:5 | Escaped the Abyss
 71397 | Crypt:1  | Entered Level 1 of the Crypt
 71503 | Crypt:1  | Noticed P0WERM0DE's ghost (adept DECj)
 71511 | Crypt:1  | Killed P0WERM0DE's ghost
 72182 | Crypt:2  | Noticed Xtahua
 72189 | Crypt:2  | Killed Xtahua
 72724 | Crypt:3  | Entered Level 3 of the Crypt
 73074 | Crypt:3  | Identified the Incunabulum of Darkness
 73261 | Crypt:3  | Found a staircase to the Tomb.
 73302 | Crypt:3  | Noticed an ancient lich
 73312 | Crypt:3  | Killed an ancient lich
 73839 | Crypt:3  | Found an ancient bone altar of Kikubaaqudgha.
 73841 | Crypt:3  | Noticed an ancient lich
 73853 | Crypt:3  | Killed an ancient lich
 73858 | Crypt:3  | Noticed an ancient lich
 73870 | Crypt:3  | Killed an ancient lich
 73888 | Crypt:3  | Identified the Papyrus of Creation and Confrontation
 73897 | Crypt:3  | Noticed an ancient lich
 73932 | Crypt:3  | Killed an ancient lich
 74521 | Zig:1    | Entered Level 1 of a ziggurat
 74538 | Zig:2    | Entered Level 2 of a ziggurat
 74563 | Zig:3    | Entered Level 3 of a ziggurat
 74591 | Zig:4    | Entered Level 4 of a ziggurat
 74654 | Zig:5    | Entered Level 5 of a ziggurat
 74683 | Zig:5    | Lost mutation: You evolve. [potion of mutation]
 74765 | Zig:6    | Entered Level 6 of a ziggurat
 74814 | Zig:6    | Got a slimy glass ring
 74818 | Zig:6    | Got a fine amber ring
 74821 | Zig:6    | Identified the Compendium of Displacement
 74833 | Zig:6    | Identified the ring of Weseov {Wiz Str+4 Int+4} (You found it on level 6 of a ziggurat)
 74836 | Zig:6    | Identified the ring of the Gloaming {rPois rC+ MR+ Str+4} (You found it on level 6 of a ziggurat)
 74839 | Zig:7    | Entered Level 7 of a ziggurat
 74873 | Zig:7    | Reached skill level 22 in Axes
 74917 | Zig:7    | Got an iridescent battleaxe
 74924 | Zig:7    | Identified the +11 battleaxe of Macwuiphi {flame, rC+} (You found it on level 7 of a ziggurat)
 74965 | Zig:8    | Entered Level 8 of a ziggurat
 75341 | Zig:9    | Entered Level 9 of a ziggurat
 75498 | Zig:9    | Identified Ubbigix's Tome of the Glacier and Transmigration
 75501 | Zig:9    | Identified the Compendium of Fire and Battle Magic
 75516 | Zig:10   | Entered Level 10 of a ziggurat
 75556 | Zig:10   | Lost mutation: You have an increased reservoir of magic (+10% MP). [potion of cure mutation]
 75556 | Zig:10   | Lost mutation: Your body often deteriorates upon taking damage. [potion of cure mutation]
 75556 | Zig:10   | Lost mutation: Armour fits poorly on your strangely shaped body. [potion of cure mutation]
 75556 | Zig:10   | Lost mutation: You sometimes yell uncontrollably at your foes. [potion of cure mutation]
 75556 | Zig:10   | Lost mutation: Scrolls take you much longer to read. [potion of cure mutation]
 75557 | Zig:10   | Lost mutation: You are weak. (Str -2) [potion of cure mutation]
 75557 | Zig:10   | Lost mutation: You have a somewhat thin skeletal structure (Dex +2, Stealth). [potion of cure mutation]
 75557 | Zig:10   | Lost mutation: You occasionally shout uncontrollably at your foes. [potion of cure mutation]
 75557 | Zig:10   | Lost mutation: Scrolls take you longer to read. [potion of cure mutation]
 75557 | Zig:10   | Lost mutation: You have a beak for a mouth. [potion of cure mutation]
 75557 | Zig:10   | Lost mutation: You are robust (+10% HP). [potion of cure mutation]
 75810 | Zig:11   | Entered Level 11 of a ziggurat
 76158 | Zig:11   | Got a polished blowgun
 76162 | Zig:11   | Identified the Collected Works on Cankerous Stolen Souls
 76171 | Zig:11   | Identified the +5 blowgun of Avix {evade, *Corrode *Confuse rN+ Str+8} (You found it on level 11 of a ziggurat)
 76206 | Zig:12   | Entered Level 12 of a ziggurat
 76255 | Zig:12   | Gained mutation: You are clumsy. (Dex -2) [a shining eye]
 76311 | Zig:12   | Got a pitted iron ring
 76334 | Zig:12   | Identified the ring "Imiluv" {+Fly rN+ MP+9 Str-4} (You found it on level 12 of a ziggurat)
 76339 | Zig:12   | Lost mutation: Scrolls take you a little longer to read. [potion of cure mutation]
 76339 | Zig:12   | Lost mutation: You are partially covered in yellow scales (AC +2). [potion of cure mutation]
 76339 | Zig:12   | Lost mutation: You have hoof-like feet. [potion of cure mutation]
 76339 | Zig:12   | Lost mutation: You have large cloven feet. [potion of cure mutation]
 76404 | Zig:13   | Entered Level 13 of a ziggurat
 76531 | Zig:13   | Gained mutation: You have a somewhat thin skeletal structure (Dex +2, Stealth). [mutagenic meat]
 76532 | Zig:13   | Gained mutation: You are very clumsy. (Dex -4) [mutagenic meat]
 76533 | Zig:13   | Gained mutation: Armour fits poorly on your strangely shaped body. [mutagenic meat]
 76534 | Zig:13   | Gained mutation: Scrolls take you a little longer to read. [mutagenic meat]
 76535 | Zig:13   | Gained mutation: You are very dopey. (Int -4) [mutagenic meat]
 76536 | Zig:13   | Gained mutation: Your natural rate of healing is unusually fast. [mutagenic meat]
 76539 | Zig:13   | Gained mutation: Your magical capacity is low (-10% MP). [mutagenic meat]
 76540 | Zig:13   | Lost mutation: Your body sometimes deteriorates upon taking damage. [mutagenic meat]
 76543 | Zig:13   | Gained mutation: Your flesh is heat resistant. [mutagenic meat]
 76653 | Zig:14   | Entered Level 14 of a ziggurat
 76792 | Zig:14   | Got a clouded golden ring
 76807 | Zig:14   | Identified the ring of Piysadey {+Inv rN+ Str-5 SInv} (You found it on level 14 of a ziggurat)
 76820 | Zig:14   | Got a pair of distressingly furry gloves
 76831 | Zig:14   | Identified the +1 pair of gloves of the Lair of Beasts {*Corrode +Blink rF+++ rC+} (You acquired it on level 14 of a ziggurat)
 76844 | Zig:14   | Got a pair of faintly glowing boots
 76856 | Zig:14   | Identified the -6 pair of boots of Weeco {rF++ Str-2} (You acquired it on level 14 of a ziggurat)
 76967 | Zig:15   | Entered Level 15 of a ziggurat
 77429 | Zig:15   | Got an ancient ivory ring
 77431 | Zig:15   | Identified Sif Muna's Handbook of Enchantment
 77448 | Zig:15   | Identified the ring "Kuvyfo" {+Fly rF++ rC- SInv} (You found it on level 15 of a ziggurat)
 77451 | Zig:15   | Identified a +0 pair of boots of running (You found it on level 15 of a ziggurat)
 77457 | Zig:16   | Entered Level 16 of a ziggurat
 77581 | Zig:16   | Got a dazzling cloak
 77587 | Zig:16   | Got a faintly glowing battleaxe
 77598 | Zig:16   | Identified the Catalogue of Moulding
 77600 | Zig:16   | Got a brightly glowing gossamer ring
 77613 | Zig:16   | Identified the ring "Tifij" {rF+ EV+2 Str+3 Int-4} (You found it on level 16 of a ziggurat)
 77623 | Zig:16   | Identified the cursed -3 cloak of Xaguenk {rF++} (You found it on level 16 of a ziggurat)
 77623 | Zig:16   | Identified the +7 battleaxe "Arbiter" {antimagic, Dex+3} (You found it on level 16 of a ziggurat)
 77740 | Zig:17   | Entered Level 17 of a ziggurat
 77836 | Zig:17   | Reached skill level 23 in Shields
 78008 | Zig:17   | Got a coiled copper ring
 78012 | Zig:17   | Got a flickering gossamer ring
 78020 | Zig:17   | Identified the Grimoire of Creative Translocation
 78037 | Zig:17   | Identified the ring of Ewajis {+Fly rPois MP+9 Str-3} (You found it on level 17 of a ziggurat)
 78039 | Zig:17   | Identified the ring "Zuwajatz" {*Corrode rElec rF+ MP+9 Str+4} (You found it on level 17 of a ziggurat)
 78444 | Slime:1  | Entered Level 1 of the Pits of Slime
 78520 | Slime:4  | Gained mutation: You are weak. (Str -2) [a shining eye]
 78617 | Slime:6  | Entered Level 6 of the Pits of Slime
 78805 | Slime:6  | Noticed the Royal Jelly
 78838 | Slime:6  | Killed the Royal Jelly
 78848 | Slime:6  | HP: 11/229 [acid (6)]
 78851 | Slime:5  | HP: 4/229 [azure jelly[the Royal Jelly] (4)]
 79357 | Slime:6  | Lost mutation: You are very dopey. (Int -4) [potion of cure mutation]
 79357 | Slime:6  | Lost mutation: You are weak. (Str -2) [potion of cure mutation]
 79357 | Slime:6  | Lost mutation: You are surrounded by a mild repulsion field (EV +2). [potion of cure mutation]
 79357 | Slime:6  | Lost mutation: Your skin changes colour to match your surroundings (Stealth). [potion of cure mutation]
 79358 | Slime:6  | Lost mutation: Armour fits poorly on your strangely shaped body. [potion of cure mutation]
 79358 | Slime:6  | Lost mutation: Scrolls take you a little longer to read. [potion of cure mutation]
 79358 | Slime:6  | Lost mutation: You have a somewhat thin skeletal structure (Dex +2, Stealth). [potion of cure mutation]
 79358 | Slime:6  | Lost mutation: Your magical capacity is low (-10% MP). [potion of cure mutation]
 79358 | Slime:6  | Lost mutation: You are very clumsy. (Dex -4) [potion of cure mutation]
 79429 | Slime:6  | Got a crude brass ring
 79431 | Slime:6  | Got a faintly humming plate armour
 79490 | Slime:6  | Got a slimy rune of Zot
 79622 | Lair:8   | Identified the ring "Bacoim" {+/*Tele rF+} (You found it on level 6 of the Pits of Slime)
 79623 | Lair:8   | Identified the +8 plate armour of the Harvest {rF- rN++ Dex+5} (You found it on level 6 of the Pits of Slime)
 80006 | Depths:2 | Bought a potion of heal wounds for 115 gold pieces
 80006 | Depths:2 | Bought a potion of cure mutation for 805 gold pieces
 80050 | Pan      | Entered Pandemonium
 80342 | Pan      | Noticed Zeruenn the pandemonium lord
 80353 | Pan      | Noticed Mennas
 80356 | Pan      | Killed Zeruenn the pandemonium lord
 80369 | Pan      | Killed Mennas
 80675 | Pan      | Found an exit through the horrors of the Abyss.
 80803 | Pan      | Noticed Quimur the pandemonium lord
 80819 | Pan      | Killed Quimur the pandemonium lord
 81108 | Pan      | Found an exit through the horrors of the Abyss.
 81117 | Pan      | Gained mutation: You occasionally shout uncontrollably at your foes. [a neqoxec]
 81151 | Pan      | Noticed Basum the pandemonium lord
 81181 | Pan      | Killed Basum the pandemonium lord
 81193 | Pan      | Lost mutation: Your natural rate of healing is unusually fast. [a neqoxec]
 81245 | Pan      | Reached skill level 24 in Shields
 81408 | Pan      | Entered the realm of Gloorx Vloq.
 81591 | Pan      | Noticed Gloorx Vloq
 81599 | Pan      | HP: 3/229 [Gloorx Vloq] (9)]
 81599 | Pan      | Succumbed to Gloorx Vloq's dark miasma

Vault maps used:
D:1:      lemuel_arrival_muddy
D:2:      kennysheep_goblin_castle, nicolae_ru_awakened_eye,
          grunt_temple_overflow_open, minmay_joined_circles
D:3:      zin_academy, uniq_jessica
D:4:      minmay_temple_entry_purple_smoke, first_bread, uniq_edmund
D:5:      lemuel_zombie_altar_kikubaaqudgha, tso_metal_star,
          vehumet_altar_wand_db
D:6:      uniq_eustachio, uniq_grinder
D:7:      serial_shops, shop, uniq_joseph
D:8:      grunt_temple_overflow_champion_of_chaos, grunt_dithmenos_shadows,
          old_standard_altar, the_bakery
D:9:      overflow_temple_1_default, old_standard_altar, lair_0_dummy,
          special_room, enter_bailey_3, serial_shops, shop, shop,
          nicolae_shop_statue_plus, nicolae_shop_trees, nicolae_shop_stone
D:10:     serial_shops, shop, minivault_1
D:11:     nicolae_whirlpool, uniq_urug
D:12:     david_orc_4
D:13:     cross_vault, serial_shops, nicolae_shop_window_shopping
D:14:     david_vaults_1, serial_shops, shop, basic_altar, lab_entry_generic,
          uniq_frances
D:15:     grunt_enter_depths_giant_problem, basic_altar,
          hangedman_decor_riveting
Lair:1:   grunt_megastairs_4
Lair:2:   disabler_island, uniq_harold, uniq_sonja
Lair:3:   beast_lair_carwin_large_1, dummy_spider_entry, eino_house_with_fridge,
          lemuel_fruit_fields, uniq_gastronok
Lair:4:   shoals_dummy_entry, portal_ice_cave_entry_pillars_01,
          grunt_megastairs_3
Lair:5:   cheibrodos_magma_flow, columned_hall_lemuel
Lair:6:   ldierk_geyser, pond, infiniplex_staircase_pool_2, lemuel_fruit_fields
Lair:7:   minivault_24, serial_bayou_ford_a, zaba_anthole, beast_lair_carwin_1
Lair:8:   grunt_lair_end_beastmaster, minmay_slime_entry_pillars, st_stairs_4,
          serial_bayou_shore_b
Shoals:1: st_sunken_huts, uniq_aizul
Shoals:2: cheibrodos_shoals_oceanic_diplomacy
Shoals:3: nicolae_shoals_island_circles
Shoals:4: shoals_end_grunt_garden, shoals_ilsuiw_alternative, uniq_roxanne,
          uniq_mara
Spider:1: spiders_nest_spider_trap
Spider:2: nicolae_orb_island, uniq_wiglaf
Spider:3: nicolae_spider_hall_of_the_moth_king,
          hangedman_spider_tarantella_strand
Spider:4: grunt_spider_rune_circles, hangedman_spider_mandibles, uniq_arachne
Slime:1:  cheibrodos_slime_lost_civilization_5
Orc:1:    nicolae_orc_pool_cavern, minmay_orc_temple_b
Orc:3:    serial_shops, nicolae_shop_statue_plus
Orc:4:    st_orc_congregation
Elf:1:    elf_arrival_002, orc_legates, uniq_azrael
Elf:2:    nicolae_trove_entry_path_of_doom
Elf:3:    elf_hall_gauntlet_narrow
Vaults:1: v_misc_8, nicolae_vaults_little_squares_2, hangedman_vaults_stagger,
          ontoclasm_vaults_pinch, nicolae_vaults_big_angled_halls,
          ontoclasm_vaults_fault, v_alt_pattern_6,
          nicolae_vaults_stairing_the_circle, v_misc_26, v_pattern_3,
          nicolae_vaults_alarming, uniq_nikola
Vaults:2: vaults_room_door_ring, nicolae_vaults_big_ls,
          nicolae_vaults_diagonal_hallway_6, hangedman_vaults_capsules,
          v_misc_27, dummy_crypt_entry
Vaults:3: ontoclasm_vaults_eye, v_alt_pattern_6,
          vaults_standard_mumra_enter_the_diamond, vaults_room_fours,
          hangedman_vaults_cutoff, hangedman_vaults_river_flow, v_misc_14,
          nicolae_vaults_shelves_hall, v_misc_16, vaults_room_door_ring,
          vaults_room_grid
Vaults:4: vaults_room_semicircle, hangedman_vaults_restitches,
          vaults_room_boxed, v_misc_8, v_alt_pattern_4, v_alt_pattern_4,
          ontoclasm_vaults_ligature, ontoclasm_vaults_gateway,
          nicolae_vaults_sealed_display, hangedman_vaults_corner,
          nicolae_vaults_yaktaur_gun_rack
Vaults:5: uniq_margery
Crypt:1:  grunt_crypt_arrival_split, grunt_megastairs_5
Crypt:2:  minivault_19, minivault_24, uniq_saint_roka, uniq_xtahua
Crypt:3:  quadcrypt_mu
Depths:1: kennysheep_cluttered_room, grunt_mini_vestibule,
          minmay_variable_closet, nicolae_blasting_shop, uniq_asterion
Depths:2: hangedman_spin_cycle, hell_entry, pan_entry, abyss_entry
Depths:3: grunt_bent_corner, enter_ziggurat_c, hangedman_coc_ice_floe,
          rand_demon_pan_entry_7, kennysheep_pointless_box
Depths:4: kennysheep_scales, rand_demon_pan_entry_3, pf_hell_entry_great_geh,
          nicolae_abyss_entry_one_way_or_another, serial_bayou_shore_a,
          infiniplex_staircase_trident, serial_bayou_shore_b, uniq_boris
Depths:5: evilmike_zot_entry_basic, serial_bayou_lagoon_a, serial_shops, shop,
          shop, shop, shop, nicolae_shop_statue_plus, minmay_room_of_horrors,
          grunt_hell_entry_dis_old, pan_entry
Abyss:3:  abyss_greek_temple, evilmike_abyss_exit_kraken
Pan:      rand_demon_9, rand_demon_6, lemuel_hellion_island,
          pan_blood_fountain_small, reaverb_pan_squares,
          evilmike_mini_pan_pillars, pan_blood_fountain_small, rand_demon_3,
          uniq_mennas_pan, pan_blood_fountain_small, evilmike_mini_pan_doors,
          pan_blood_fountain, pan_blood_fountain_small, nicolae_pan_mnolegish_1,
          nicolae_pan_hourglass, evilmike_mini_pan_corridor, pan_blood_fountain,
          pan_blood_fountain_small, gloorx_vloq_grunt_torture_chamber,
          pan_blood_fountain_small, reaverb_pan_chaos_star
Zig:8:    ziggurat_pillar_centre_oklobs
Zig:10:   ziggurat_loot_1
Zig:12:   ziggurat_loot_2
Zig:16:   ziggurat_loot_1
Trove:    trove_jewel_1
IceCv:    ice_cave_small_necro

Action                   |  1- 3 |  4- 6 |  7- 9 | 10-12 | 13-15 | 16-18 | 19-21 | 22-24 | 25-27 || total
-------------------------+-------+-------+-------+-------+-------+-------+-------+-------+-------++-------
Melee: War axe           |   116 |   223 |   414 |  1055 |  1617 |       |       |       |       ||  3425
       Scimitar          |       |       |       |       |     9 |    30 |       |       |       ||    39
       Battleaxe         |       |       |       |       |   460 |  1636 |       |       |    39 ||  2135
       Executioner's axe |       |       |       |       |       |    14 |  1111 |  1007 |  3886 ||  6018
Throw: Javelin           |       |       |       |       |     6 |       |       |       |       ||     6
 Cast: Regeneration      |       |       |       |       |       |       |       |       |    67 ||    67
       Spectral Weapon   |       |       |       |       |       |       |       |       |     3 ||     3
Invok: Sacrifice Purity  |       |     1 |       |       |       |       |       |       |       ||     1
       Sacrifice Love    |       |       |     1 |       |       |       |       |       |       ||     1
       Reject Sacrifices |       |       |     1 |       |     3 |     2 |     1 |       |       ||     7
       Sacrifice Artific |       |       |       |     1 |       |       |       |       |       ||     1
       Sacrifice Essence |       |       |       |     1 |       |       |       |       |       ||     1
       Draw Out Power    |       |       |       |       |     8 |     1 |       |       |     2 ||    11
       Power Leap        |       |       |       |       |     2 |     1 |     2 |       |     3 ||     8
       Sacrifice Arcana  |       |       |       |       |     1 |       |       |       |       ||     1
       Sacrifice Stealth |       |       |       |       |       |     1 |       |       |       ||     1
       Apocalypse        |       |       |       |       |       |       |     1 |       |     9 ||    10
 Abil: Dig               |    11 |     6 |     7 |     7 |    28 |     5 |     2 |     2 |    24 ||    92
       Spit Poison       |       |       |       |     6 |       |       |    23 |       |       ||    29
       Shaft Self        |       |       |       |     4 |     2 |       |       |       |       ||     6
  Use: Scroll            |       |       |     5 |    20 |     8 |    12 |     7 |    10 |    42 ||   104
       Potion            |       |       |       |     3 |     2 |     3 |     3 |       |    30 ||    41
 Stab: Distracted        |       |       |     1 |     4 |     7 |     2 |     2 |     7 |    22 ||    45
       Invisible         |       |       |       |     5 |    12 |     6 |    10 |     9 |    27 ||    69
       Paralysed         |       |       |       |       |     2 |     2 |     4 |     6 |    14 ||    28
       Confused          |       |       |       |       |       |     1 |       |       |       ||     1
  Eat: Bread ration      |     1 |       |     2 |     6 |     3 |     1 |     3 |     5 |    16 ||    37
       Beef jerky        |     1 |       |     1 |     1 |     1 |       |     1 |       |     5 ||    10
       Pizza             |       |     1 |       |     1 |     1 |     2 |     1 |     2 |     2 ||    10
       Meat ration       |       |     1 |       |     1 |     1 |       |     1 |       |     1 ||     5
       Chunk             |       |       |     1 |     2 |    34 |    28 |    11 |     1 |    34 ||   111
       Royal jelly       |       |       |     1 |     1 |    13 |     2 |       |       |     1 ||    18
       Fruit             |       |       |       |       |     5 |     2 |     1 |       |     2 ||    10
